groovejumper, neutral female human Wizard ------------- |...........| |.........>.| ----- |...........-######### #############-...| |...........|### # #@## |<..| ------------.###* 0### u |...| # #%##0########### ### |...| *#**##*0#------# # ---+- # |...| % #####|.%...######|....## ----- ----------- * #|....|#### #|...| |...<.....| # #|....| ####|...| | |.........| # #|....| ##%%%....# ...?...| |..........#######------ # |...| --- -- |.........| #....+ ----------- ----- groovejumper the Thaumaturge Experience level: 7 Strength: 10 Dexterity: 16 Constitution: 15 Intelligence: 17 Wisdom: 9 Charisma: 11 Health: 0(47) Energy: 49(58) AC: 8 Gold: 45 Moves: 3343 Your Inventory: Coins $ - 45 gold pieces Weapons a - a blessed +1 quarterstaff (weapon in hands) V - 9 [uncursed +0] darts Armor s - a blessed +1 cloak of magic resistance (being worn) Comestibles U - an [uncursed] lizard corpse W - an [uncursed] avacado Potions T - an [uncursed] indigo potion [of healing] Tools b - an [uncursed] bag [sack] P - an [uncursed] key [skeleton key] Contents of the sack: 362 gold pieces an [uncursed +2] pair of combat boots [jumping] an [uncursed] carrot 2 [uncursed] food rations 2 [uncursed] scrolls labeled TEMOV [of identify] an uncursed scroll of earth a blessed scroll of food detection an uncursed scroll of magic mapping an uncursed spellbook of confuse monster an [uncursed] spellbook of create monster a blessed spellbook of force bolt a [cursed] black potion [of restore ability] an uncursed clear potion [of water] an uncursed potion of enlightenment an uncursed potion of gain ability a [cursed] potion of oil an [uncursed] squishy potion [of gain energy] an uncursed +1 ring of increase accuracy an uncursed ring of stealth an [uncursed] jeweled wand [of make invisible (0:5)] an [uncursed] marble wand [of polymorph (0:3)] an uncursed wand of cancellation (0:7) Spells known in the end: Name Level Category Fail Memory a - force bolt 1 attack 0% [|||||||.] b - confuse monster 2 enchantment 0% [|||||||.] c - create monster 2 clerical 51% [||||||||] Your skills at the end: Fighting Skills Weapon Skills quarterstaff [Basic / Expert] Spellcasting Skills attack spells [Basic / Expert] enchantment spells [Basic / Skilled] Final Attributes: You were piously aligned. Hunger level was 530. Your alignment was 23 / 26. Monster difficulty range was 1 - 6. Level difficulty was 6. You were magic-protected. You were telepathic. Your luck was zero. You are dead. Vanquished creatures: a lizard a dingo a snake 2 human zombies a rock mole a fog cloud a gnome lord a kobold mummy 2 gray oozes a ghoul a giant ant a floating eye a kitten 5 rothes a giant bat 2 orc zombies 2 iguanas 3 acid blobs 2 coyotes a hobbit 2 large kobolds a hobgoblin 3 giant rats a brown mold a red mold a gnome 4 jackals a fox 2 goblins 3 sewer rats 6 lichens 6 newts 62 creatures vanquished. Voluntary challenges: You were an atheist. You used a wielded weapon 52 times. You read items or engraved 20 times. You put on armor 1 time. You never genocided any monsters. You never polymorphed an object. You never changed form. You used no wishes. You wrote Elbereth's name 9 times. You never encountered a bones level. You never used any Sokoban shortcuts. Dungeon overview: The Dungeons of Doom: levels 1 to 6 Level 1 a fountain a long staircase Level 2 a general store, a fountain Level 3 a potion shop, a fountain Level 4 stairs to The Gnomish Mines Level 5 many fountains Level 6 <- You were here a long staircase The Gnomish Mines: Level 5 stairs to The Dungeons of Doom History has recorded: On T:1 you entered the Dungeons of Doom to retrieve the Amulet of Yendor! On T:374 you reached level 2 of The Dungeons of Doom. On T:385 you advanced to experience level 2. On T:411 you advanced to experience level 3. On T:970 you reached level 3 of The Dungeons of Doom. On T:1092 you advanced to experience level 4. On T:1568 you advanced to experience level 5. On T:1581 you reached level 4 of The Dungeons of Doom. On T:1897 you reached level 1 of The Gnomish Mines. On T:1997 you reached level 5 of The Dungeons of Doom. On T:2016 you advanced to experience level 6. On T:2354 you reached level 6 of The Dungeons of Doom. On T:2607 you advanced to experience level 7. Latest messages: [HP+1=32] [HP+1=33] The door opens. [HP+1=34] W - an avacado. [HP+1=35] $ - 4 gold pieces. [HP+1=36] [HP+1=37] [HP+1=38] [HP+1=39] The white unicorn butts! The white unicorn kicks! The white unicorn butts! The white unicorn kicks! [HP-28=11] You write "Elbereth" with your fingers into the dust. The white unicorn butts! The white unicorn kicks! The white unicorn butts! The white unicorn kicks! You die... Final status: Goodbye groovejumper the Wizard... You died in The Dungeons of Doom on dungeon level 6 with 3535 points, and 407 pieces of gold, after 3343 moves. You were level 7 with a maximum of 47 hit points when you died.